 Dungeon Crawl Stone Soup version 0.31-a0-1072-g202bf7ea07 (webtiles) character file.

Game seed: 5015283920218387182

214 Azuregosa the Covert (level 5, -6/34 (36) HPs)
             Began as an Octopode Delver on Nov 26, 2023.
             Mangled by a wight
             ... wielding a +3 mace of freezing
              (10 damage)
             ... on level 5 of the Dungeon.
             The game lasted 00:01:40 (216 turns).

Azuregosa the Covert (Octopode Delver)               Turns: 216, Time: 00:01:41

HP:   -6/34 (36)    AC:  1    Str: 12    XL:     5   Next: 91%
MP:   5/5           EV: 13    Int: 14    God:
Gold: 0             SH:  0    Dex: 13    Spells: 4/4 levels left

rFire   . . .        c - +2 flail (drain)
rCold   . . .        (no shield)
rNeg    . . .        (helmet restricted)
rPois   .            (no amulet)
rElec   .            (no ring)
rCorr   .            (no ring)
SInv    .            (no ring)
Will    .....        (no ring)
Stlth   +++++        (no ring)
HPRegen 0.25/turn    (no ring)
MPRegen 0.09/turn    (no ring)
                     (no ring)

%: no passive effects
@: drained
A: almost no armour, amphibious, 8 rings, camouflage 1, gelatinous body 1,
(nimble swimmer 1), tentacles
a: no special abilities


You were on level 5 of the Dungeon.
You visited 1 branch of the dungeon, and saw 1 of its levels.

Inventory:

Hand Weapons
 a - a +0 spear
 c - a +2 flail of draining (weapon)
Wands
 f - a wand of digging (3)
Scrolls
 b - a scroll of fog
 d - a scroll of fear
Potions
 e - a potion of haste


   Skills:
 - Level 3.0 Fighting
 - Level 2.0 Polearms
 - Level 2.0 Dodging
 + Level 10.4 Stealth


You had 4 spell levels left.
You didn't know any spells.
Your spell library was empty.

Dungeon Overview and Level Annotations

Branches:
Dungeon (5/15)             Temple (0/1) D:5

Altars:

Annotations:
D:5 Edmund


Innate Abilities, Weirdness & Mutations

You cannot wear most types of armour.
You are amphibious.
You can wear up to eight rings at the same time.
Your skin changes colour to match your surroundings (Stealth+).
Your rubbery body absorbs attacks. (AC +1, EV +1)
((You are camouflaged when in or above water. (Stealth+)))
You have tentacles for arms and can constrict up to eight enemies at once.


Message History

The orc barely misses you. The orc hits you but does no damage.
You hit the orc.
The orc is severely wounded.
You constrict the orc. The orc hits you with a +0 hand axe.
You hit the orc.
You kill the orc!
Things that are here:
a +0 hand axe; a +0 dagger You start resting.
HP restored.
A wight comes into view.
It is wielding a +3 dagger and wearing the amulet of the Sparrow {rF+ Regen+ rCorr SInv}.
The wight moves out of view.
A wight comes into view. It is wielding a +4 great sword.
The wight moves out of view.
A wight comes into view.
It is wielding a +3 mace of freezing and wearing a +2 robe of resistance.
Things that are here:
a +0 hand axe; a +0 dagger You barely miss the wight.
You grab the wight. You squeeze the wight.
The wight is moderately damaged.
You constrict the wight. The wight barely misses you.
The wight closely misses you.
You hit the wight but do no damage.
The wight is heavily damaged.
You constrict the wight. The wight misses you.
You hit the wight but do no damage. You squeeze the wight!
You destroy the wight!
Your Stealth skill increases to level 10!
You hit the wight but do no damage. Your grab misses the wight.
The wight hits you with a +3 mace of freezing.
You feel drained. The wight freezes you.
You hit the wight but do no damage. Your grab misses the wight.
The wight hits you with a +3 mace of freezing!
The wight freezes you.
You closely miss the wight. Your grab misses the wight.
The wight hits you with a +3 mace of freezing.
* * * LOW HITPOINT WARNING * * *
You feel drained. The wight freezes you.
* * * LOW HITPOINT WARNING * * *
The wight hits you with a +3 mace of freezing!
You die...

.z..................####.###.#
....................####.###.#
#...................####.###.#
#...................####.....#
..##.###....######+#####.###.#
***#***##...# ##....####.###.#
,,,,,,,,#...####.....##..###.#**
,,,,,,,,#......+......>..###..,*
,,,,,,,,#......z@.............,*
,,,,,,,,#..#########..#######.,*
,,,,,,,,#..#................#.,*
,,,,,,,,##.#.@.#...........##.,*
,,,,,,,,*..#**.##)#.......).#.,*
,,,,,,,>*...,*..###.######..#.,*
,,,,,,,,#...,*........~#....#.,*
,,,,,,,,#..,,*..#.....~#....#,,*
,,,,,,,,*,,,,***#############,,*


You could see a wight.

Vanquished Creatures
  Sigmund (D:5)
  A wight (D:5)
  2 orcs (D:5)
4 creatures vanquished.

Notes
Turn   | Place    | Note
-------+----------+-------------------------------------------
     0 | D:5      | Azuregosa the Octopode Delver began the quest for the Orb.
     0 | D:5      | Reached XP level 1. HP: 16/16 MP: 1/1
     1 | D:5      | Noticed Sigmund
    13 | D:5      | Killed Sigmund
    14 | D:5      | Reached skill level 9 in Stealth
    14 | D:5      | Reached XP level 2. HP: 4/21 MP: 2/2
    14 | D:5      | Reached XP level 3. HP: 5/26 MP: 3/3
    14 | D:5      | Reached XP level 4. HP: 6/31 MP: 4/4
    14 | D:5      | Reached XP level 5. HP: 7/36 MP: 5/5
   135 | D:5      | Noticed Edmund
   193 | D:5      | Identified the amulet of the Sparrow {rF+ Regen+ rCorr
                  | SInv}
   213 | D:5      | Reached skill level 10 in Stealth
   216 | D:5      | Mangled by a wight

Illustrated notes

Levels and vault maps discovered:
D:5:      layout_basic, lemuel_temple_firewalk_b, sigmund_edmund_badplayer

Skill      XL: |  1  2  3  4  5 |
---------------+----------------+-----
Stealth        | 9 10 | 10.4
Fighting       | |  3.0
Polearms       | |  2.0
Dodging        | |  2.0

Action                     |  1- 3 |  4- 6 || total
---------------------------+-------+-------++-------
  Melee: Flail             |     2 |    10 ||    12
         Constrict         |     1 |     2 ||     3
         Tentacles         |     1 |     2 ||     3
    Use: Scroll            |     1 |       ||     1
 Armour: Skin              |     2 |     6 ||     8
  Dodge: Dodged            |     1 |     4 ||     5

Table legend: (Time is in decaauts)
 A = Elapsed time spent in this place.
 B = Non-inter-level travel time spent in this place.
 C = Inter-level travel time spent in this place.
 D = Time resting spent in this place.
 E = Time spent auto-exploring this place.
 F = Levels seen in this place.
 G = Mean time per level.
                   A        B        C        D        E       F      G
               +--------+--------+--------+--------+--------+-----+--------+
         Total |    219 |    219 |      0 |    133 |      0 |   1 |  219.0 |
       Dungeon |    219 |    219 |      0 |    133 |      0 |   1 |  219.0 |
               +--------+--------+--------+--------+--------+-----+--------+

Top non-repeatable levels by time:
     D:5: 219 daAuts
